 Dungeon Crawl Stone Soup version 0.30-a0-570-g486de37d69 (webtiles) character file.

Game seed: 7698373342479243792

290 MackTheKnife the Insei (level 6, 0/42 HPs)
             Began as an Octopode Monk on Dec 29, 2022.
             Killed from afar by a white imp (8 damage)
             ... with a puff of frost
             ... on level 6 of the Dungeon.
             The game lasted 00:04:55 (3297 turns).

MackTheKnife the Insei (Octopode Monk)              Turns: 3297, Time: 00:04:56

Health: 0/42       AC:  1    Str: 12    XL:     6   Next: 32%
Magic:  6/6        EV: 14    Int: 12    God:
Gold:   262        SH:  5    Dex: 15    Spells: 5/5 levels left

rFire   . . .      SeeInvis .      - Unarmed
rCold   . . .      Faith    .    (no shield)
rNeg    + + .      Spirit   .    (helmet restricted)
rPois   .          Reflect  +    d - amulet of reflection
rElec   .          Harm     .    e - ring of positive energy
rCorr   .          Rampage  .    l - ring of positive energy
Will    .....                    p - ring of wizardry
Stlth   +++                      (no ring)
HPRegen 0.27/turn                (no ring)
MPRegen 0.10/turn                (no ring)
                                 (no ring)
                                 (no ring)

@: no status effects
A: almost no armour, amphibious, 8 rings, camouflage 1, gelatinous body 1,
(nimble swimmer 1), tentacles
a: no special abilities


You were on level 6 of the Dungeon.
You visited 1 branch of the dungeon, and saw 6 of its levels.

You collected 262 gold pieces.


Innate Abilities, Weirdness & Mutations

You cannot wear most types of armour.
You are amphibious.
You can wear up to eight rings at the same time.
Your skin changes colour to match your surroundings (Stealth+).
Your rubbery body absorbs attacks. (AC +1, EV +1)
((You are camouflaged when in or above water. (Stealth+)))
You have tentacles for arms and can constrict up to eight enemies at once.


   Skills:
 - Level 3.0 Fighting
 - Level 3.0 Dodging
 - Level 2.6 Stealth
 + Level 6.9 Unarmed Combat


You had 5 spell levels left.
You didn't know any spells.
Your spell library contained the following spells:

 Spells                   Type           Power      Damage    Failure   Level
 Conjure Ball Lightning   Conj/Air       0%         3x3d7     100%        6
 Discord                  Hex            0%         N/A       100%        8
 Disjunction              Tloc           0%         N/A       100%        8
 Chain Lightning          Conj/Air       0%         N/A       100%        9
 Fire Storm               Conj/Fire      0%         5d1       100%        9
 Shatter                  Erth           0%         3d5*      100%        9

Inventory:

Missiles
 c - 8 stones (quivered) {throwing}
Jewellery
 d - an amulet of reflection (around mantle)
   (You found it on level 1 of the Dungeon)
 e - a ring of positive energy (left tentacle)
   (You found it on level 1 of the Dungeon)
 h - a ring of fire
   (You found it on level 1 of the Dungeon)
 l - a ring of positive energy (right tentacle)
   (You found it on level 1 of the Dungeon)
 n - a ring of fire
   (You found it on level 2 of the Dungeon)
 p - a ring of wizardry (on tentacle)
   (You found it on level 3 of the Dungeon)
Scrolls
 a - a scroll of poison {unknown}
 b - 2 scrolls of fear {unknown}
 g - a scroll of teleportation {unknown}
 i - 5 scrolls of identify {unknown}
 j - a scroll of amnesia {unknown}
 k - 4 scrolls of vulnerability {unknown}
 q - 2 scrolls of immolation {unknown}
 r - a scroll of magic mapping {unknown}
 t - a scroll of brand weapon {unknown}
 v - a scroll of torment {unknown}
Potions
 f - a potion of resistance
 m - a potion of brilliance {unknown}
 o - a potion of invisibility

Dungeon Overview and Level Annotations

Branches:
Dungeon (6/15) Zot: 26990
 Temple: D:4-7

Altars:
Xom

Shops:
D:1 *

Annotations:
D:4 exclusion: 2 gnolls

......#
##......##
#........##
..........#
..........#
.......(..#
..........#
........@.#
.......F5##
..........#
..........#
..........#
..........#
..........#
#........##
##......##


You could see a bullfrog and a white imp.


Message History

You take 9 damage, and now have 33/42 hp.
MASSIVE DAMAGE!! (PAUSE)
You tentacle-slap the gnoll but do no damage.
You constrict the gnoll, but do no damage.
The gnoll sergeant hits you from afar with a +0 spear!
The gnoll barely misses you. 😮 HP[-11]
You take 11 damage, and now have 22/42 hp.
MASSIVE DAMAGE!! (PAUSE)
You release your grip on the gnoll. 😮 HP[+1] 😮 HP[+1] 😮 HP[+1] 😮 HP[+1]
You see here a +0 ring mail. 😮 HP[+1] 😮 HP[+1] 😮 HP[+1] 😮 HP[+1] 😮 HP[+1] 😕 HP[+1] 😕 HP[+1]
There is a stone staircase leading up here.
You climb upwards.
Level annotation: exclusion: 2 gnolls
There is a stone staircase leading down here. 😕 HP[+1]
There is a stone staircase leading down here. 😕 HP[+3]
You regained 3 hp, and now have 37/42 hp.
You climb downwards.
There is a stone staircase leading up here. 😕 HP[+1]
You now have 240 gold pieces (gained 16).
Key pressed, stopping explore.
There is a stone staircase leading down here.
Found a stone staircase leading down.
You now have 249 gold pieces (gained 9). 😎 HP[+4]
Your hp is fully restored (42).
Okay, then.
An orc priest comes into view. It is wielding a +0 morningstar.
An ogre comes into view. It is wielding a +0 giant club.
You open the door.
There is an open door here.
You now have 262 gold pieces (gained 13).
There is an open door here.
There is a stone staircase leading down here.
You climb downwards.
You hear the sound of rushing water.
There is an entrance to a sewer on this level.
Hurry and find it before the portal rusts away!
There is a stone staircase leading up here.
Unknown command.
The ufetubus shouts!
Unknown command.
You aren't carrying any items that you can evoke.
Unknown command.
There is a stone staircase leading up here.
You barely miss the ufetubus.
The white imp shouts, "Go and return not, thou surly elf-skinned foot-licker!"
You grab the ufetubus. You constrict the ufetubus. The ufetubus misses you.
The ufetubus closely misses you.
The bullfrog swells and bulges.
You tentacle-slap the ufetubus. You squeeze the ufetubus.
You kill the ufetubus!
The bullfrog hits you. 😕 HP[-6]
You take 6 damage, and now have 36/42 hp.
You tentacle-slap the bullfrog. Your grab misses the bullfrog.
You block the bullfrog's attack. The white imp gestures at you.
The puff of frost hits you! 😮 HP[-9]
You take 9 damage, and now have 27/42 hp.
MASSIVE DAMAGE!! (PAUSE)
You tentacle-slap the bullfrog. Your grab misses the bullfrog.
The bullfrog hits you!
* * * LOW HITPOINT WARNING * * *
The white imp gestures at you. The puff of frost hits you!
* * * LOW HITPOINT WARNING * * *
😱 HP[-18]
You take 18 damage, and now have 9/42 hp.
MASSIVE DAMAGE!! (PAUSE)
You tentacle-slap the bullfrog but do no damage.
You grab the bullfrog. You constrict the bullfrog.
The bullfrog closely misses you. The white imp hits you.
* * * LOW HITPOINT WARNING * * *
The white imp freezes you.
* * * LOW HITPOINT WARNING * * *
The bullfrog closely misses you. 😱 HP[-6]
You take 6 damage, and now have 3/42 hp.
Unknown command.
Okay, then.
You feel better.
You constrict the bullfrog. The bullfrog hits you.
* * * LOW HITPOINT WARNING * * *
The white imp gestures at you. The puff of frost hits you!
You die...

Skill      XL: |  1  2  3  4  5 |
---------------+----------------+-----
Unarmed Combat | 4 5 6 |  6.9
Fighting       | |  3.0
Dodging        | |  3.0
Stealth        | |  2.6

Action                   |  1- 3 |  4- 6 || total
-------------------------+-------+-------++-------
Melee: Unarmed           |    78 |    66 ||   144
       Constrict         |    19 |    19 ||    38
       Tentacles         |    18 |    14 ||    32
       Punch             |     2 |     4 ||     6
  Use: Potion            |       |     6 ||     6
 Stab: Sleeping          |    16 |     2 ||    18
       Invisible         |       |     2 ||     2
Armor: Skin              |     3 |     6 ||     9
Dodge: Dodged            |    30 |    54 ||    84
Block: Other             |    12 |    18 ||    30
       Reflection        |     1 |       ||     1

Levels and vault maps discovered:
D:1:      wander_arrival_chamber, layout_loops_ring, serial_shops,
          nicolae_shop_hallway_plus, grunt_decor_fettered
D:2:      layout_basic
D:3:      layout_basic
D:4:      layout_cave_pools, mainiacjoe_overflow_alcove_4, serial_demonic,
          serial_demonic_c, serial_demonic_g, serial_demonic_d,
          serial_demonic_c, corexii_item_surrounded_by_moat
D:5:      layout_basic, nicolae_elyvilon_temple_path, st_stairs_1
D:6:      layout_rooms, temple_statues, portal_sewer_entry_d, centaur_isle

Notes
Turn   | Place    | Note
-------+----------+-------------------------------------------
     0 | D:1      | MackTheKnife the Octopode Monk began the quest for the Orb.
     0 | D:1      | Reached XP level 1. HP: 16/16 MP: 1/1
     0 | D:1      | magus.rc [v1.9.6]
   125 | D:1      | Reached XP level 2. HP: 16/21 MP: 2/2
   261 | D:1      | Found Suoliq's Assorted Antiques.
   864 | D:2      | Reached skill level 4 in Unarmed Combat
  1093 | D:2      | Reached XP level 3. HP: 23/26 MP: 3/3
  2249 | D:4      | Reached XP level 4. HP: 28/31 MP: 4/4
  2254 | D:4      | Reached skill level 5 in Unarmed Combat
  2335 | D:4      | Reached XP level 5. HP: 31/36 MP: 5/5
  2552 | D:4      | Found a shimmering altar of Xom.
  2628 | D:5      | Entered Level 5 of the Dungeon
  2631 | D:5      | Noticed a black bear
  2636 | D:5      | Killed a black bear
  2637 | D:5      | Reached skill level 6 in Unarmed Combat
  2637 | D:5      | Reached XP level 6. HP: 42/42 MP: 6/6
  2755 | D:5      | You pick up a book of Chaos and begin reading...
  2755 | D:5      | You add the spells Conjure Ball Lightning, Disjunction and
                  | Discord to your library.
  2778 | D:5      | You pick up a book of Annihilations and begin reading...
  2778 | D:5      | You add the spells Chain Lightning, Fire Storm and Shatter
                  | to your library.
  3295 | D:6      | HP: 9/42 [white imp/puff of frost (10)]
  3296 | D:6      | HP: 3/42 [white imp (3)]
  3297 | D:6      | Killed from afar by a white imp

Vanquished Creatures
  A black bear (D:5)
  A quasit (D:4)
  2 iguanas (D:4)
  An adder (D:4)
  A gnoll (D:5)
  A shadow imp (D:4)
  2 white imps (D:4)
  4 ufetubi
  A worm (D:2)
  2 orcs
  2 bats
  7 endoplasms
  3 giant cockroaches
  3 goblins
  6 hobgoblins
  4 jackals (D:4)
  A quokka (D:1)
  2 ball pythons
  A frilled lizard (D:1)
  5 kobolds
  5 rats
55 creatures vanquished.

Vanquished Creatures (others)
  A demonic plant (D:4)
  A plant (D:5)
2 creatures vanquished.

Grand Total: 57 creatures vanquished

Table legend:
 A = Non-vault XP
 B = Vault XP
 C = Vault XP percentage of total XP
 D = Non-vault monster count
 E = Vault monster count
 F = Vault count percentage of total count
                 A         B        C        D         E       F
            +---------+---------+-------+---------+---------+-------
      Total |     323 |      92 |  22.2 |      49 |       6 |  10.9
            +---------+---------+-------+---------+---------+-------
        D:1 |      24 |       0 |   0.0 |      15 |       0 |   0.0
        D:2 |      14 |       0 |   0.0 |       7 |       0 |   0.0
        D:3 |       8 |       0 |   0.0 |       5 |       0 |   0.0
        D:4 |     121 |      92 |  43.2 |      18 |       6 |  25.0
        D:5 |     148 |       0 |   0.0 |       3 |       0 |   0.0
        D:6 |       8 |       0 |   0.0 |       1 |       0 |   0.0
            +---------+---------+-------+---------+---------+-------

Illustrated notes

Table legend:
 A = Kills in this place as a percentage of kills in entire the game.
 B = Kills by you in this place as a percentage of kills by you in the entire game.
 C = Kills by friends in this place as a percentage of kills by friends in the entire game.
 D = Other kills in this place as a percentage of other kills in the entire game.
 E = Experience gained in this place as a percentage of experience gained in the entire game.
 F = Experience gained in this place divided by the number of levels of this place that you have seen.
                   A       B       C       D       E      F
               +-------+-------+-------+-------+-------+----------------------
         Total | 100.0 | 100.0 |   N/A |   N/A | 100.0 |  69.2
       Dungeon | 100.0 | 100.0 |   N/A |   N/A | 100.0 |  69.2
               +-------+-------+-------+-------+-------+----------------------

Table legend: (Time is in decaauts)
 A = Elapsed time spent in this place.
 B = Non-inter-level travel time spent in this place.
 C = Inter-level travel time spent in this place.
 D = Time resting spent in this place.
 E = Time spent auto-exploring this place.
 F = Levels seen in this place.
 G = Mean time per level.
                   A        B        C        D        E       F      G
               +--------+--------+--------+--------+--------+-----+--------+
         Total |   3285 |   3083 |    202 |    180 |   2261 |   6 |  547.5 |
       Dungeon |   3285 |   3083 |    202 |    180 |   2261 |   6 |  547.5 |
               +--------+--------+--------+--------+--------+-----+--------+

Top non-repeatable levels by time:
     D:3: 804 daAuts
     D:1: 790 daAuts
     D:4: 782 daAuts
     D:5: 452 daAuts
     D:2: 446 daAuts
     D:6: 8 daAuts
